 Dungeon Crawl Stone Soup version 0.27-a0-385-g3208abaabc (webtiles) character file.

Game seed: 16059235080928182432

37 dickylongcocking the Shield-Bearer (level 3, -1/26 HPs)
             Began as an Octopode Fighter on Feb 19, 2021.
             Killed from afar by a dart slug (7 damage)
             ... with a slug dart
             ... on level 2 of the Dungeon.
             The game lasted 00:01:06 (1136 turns).

dickylongcocking the Shield-Bearer (OpFi)           Turns: 1136, Time: 00:01:07

Health: -1/26      AC:  1    Str: 15    XL:     3   Next: 39%
Magic:  3/3        EV: 11    Int: 10    God:
Gold:   109        SH:  8    Dex: 12    Spells: 2/2 levels left

rFire    . . .     SeeInvis .     - Unarmed
rCold    . . .     Faith    .   a - +0 kite shield
rNeg     . . .     Spirit   .   (helmet restricted)
rPois    .         Reflect  .   (no amulet)
rElec    .         Harm     .   (no ring)
rCorr    .         Rampage  .   (no ring)
Will     .....                  (no ring)
Stlth    +++.......             (no ring)
HPRegen  0.08/turn              (no ring)
MPRegen  0.08/turn              (no ring)
                                (no ring)
                                (no ring)

@: no status effects
A: almost no armour, stealthy swim, amphibious, 8 rings, constrict 8, camouflage
1, gelatinous body 1
a: no special abilities


You were on level 2 of the Dungeon.
You visited 1 branch of the dungeon, and saw 2 of its levels.

You collected 109 gold pieces.

Inventory:

Armour
 a - a +0 kite shield (worn)
Scrolls
 c - 2 scrolls of teleportation {unknown}
 d - a scroll of amnesia {unknown}
Potions
 b - 2 potions of might


   Skills:
 - Level 3.0 Fighting
 - Level 3.0 Dodging
 * Level 2.7 Stealth
 - Level 3.0 Shields
 * Level 3.0 Unarmed Combat


You had 2 spell levels left.
You didn't know any spells.
Your spell library was empty.

Dungeon Overview and Level Annotations

Branches:
Dungeon (2/15)

Altars:


Innate Abilities, Weirdness & Mutations

You cannot wear most types of armour.
You are very stealthy in the water. (Stealth+)
You are amphibious.
You can wear up to eight rings at the same time.
You can use your tentacles to constrict eight enemies at once.
Your skin changes colour to match your surroundings (Stealth+).
Your rubbery body absorbs attacks. (AC +1, EV +1)


Message History

You kill the bat!
The dart slug launches a dart at you. The slug dart hits you!
The hobgoblin completely misses you.
You tentacle-slap the hobgoblin. Your grab misses the hobgoblin.
Your squeeze misses the hobgoblin.
The hobgoblin is moderately wounded.
The hobgoblin hits you with a +0 club.
You tentacle-slap the hobgoblin. Your grab misses the hobgoblin.
You squeeze the hobgoblin.
The hobgoblin is almost dead.
The kobold closely misses you. You block the hobgoblin's attack.
The kobold hits you.
You tentacle-slap the hobgoblin but do no damage.
Your grab misses the hobgoblin.
The hobgoblin is almost dead.
The hobgoblin hits you with a +0 club! The kobold hits you but does no damage.
You are too injured to fight recklessly!
You tentacle-slap the hobgoblin.
You kill the hobgoblin!
The kobold hits you.
You are too injured to fight recklessly!
Your shield prevents you from hitting the kobold.
You grab the kobold.
You squeeze the kobold, but do no damage.
You constrict the kobold. You block the kobold's attack.
You are too injured to fight recklessly!
You barely miss the kobold.
The kobold is heavily wounded.
You constrict the kobold. The kobold hits you.
* * * LOW HITPOINT WARNING * * *
You are too injured to fight recklessly!
You tentacle-slap the kobold but do no damage.
You squeeze the kobold, but do no damage.
The kobold is severely wounded.
You constrict the kobold.
You kill the kobold!
The dart slug launches a dart at you. The slug dart hits you!
You die...

######
##.....##
##.......#
#.........
#...(.....
#<........
#.@w......
#.††......
...........
###.........
#.........
#!........
#.........
##.......#


You could see a dart slug.

Vanquished Creatures
  3 dart slugs (D:1)
  2 leopard geckos (D:1)
  4 goblins (D:1)
  4 hobgoblins
  4 bats
  A frilled lizard (D:1)
  6 kobolds
  6 rats (D:1)
30 creatures vanquished.

Notes
Turn   | Place    | Note
-------+----------+-------------------------------------------
     0 | D:1      | dickylongcocking the Octopode Fighter began the quest for
                  | the Orb.
     0 | D:1      | Reached XP level 1. HP: 16/16 MP: 1/1
   141 | D:1      | Reached skill level 1 in Stealth
   258 | D:1      | Reached XP level 2. HP: 21/21 MP: 2/2
   397 | D:1      | Reached XP level 3. HP: 9/26 MP: 3/3
  1136 | D:2      | Killed from afar by a dart slug

Illustrated notes

Levels and vault maps discovered:
D:1:      tarquinn_simple_flora_water_b, layout_basic, minmay_pentomino_v4
D:2:      layout_rooms, fiery_altar_vehumet, grunt_decor_resistance

Skill      XL: |  1  2  3 |
---------------+----------+-----
Stealth        | 1 2 |  2.7
Unarmed Combat | 3 |  3.0
Fighting       | |  3.0
Dodging        | |  3.0
Shields        | |  3.0

Action                   || total
-------------------------++-------
Melee: Unarmed           ||    56
       Constrict         ||    20
       Tentacles         ||    18
       Punch             ||     2
 Stab: Sleeping          ||     6
Armor: Skin              ||     6
Dodge: Dodged            ||    20
Block: Kite shield       ||    21

Table legend: (Time is in decaauts)
 A = Elapsed time spent in this place.
 B = Non-inter-level travel time spent in this place.
 C = Inter-level travel time spent in this place.
 D = Time resting spent in this place.
 E = Time spent auto-exploring this place.
 F = Levels seen in this place.
 G = Mean time per level.
                   A        B        C        D        E       F      G
               +--------+--------+--------+--------+--------+-----+--------+
         Total |   1146 |   1128 |     18 |    202 |    772 |   2 |  573.0 |
       Dungeon |   1146 |   1128 |     18 |    202 |    772 |   2 |  573.0 |
               +--------+--------+--------+--------+--------+-----+--------+

Top non-repeatable levels by time:
     D:1: 1134 daAuts
     D:2: 12 daAuts
